TOP OF THE 1ST |
Memphis Redbirds batting - Pitching for Gwinnett Braves : LHP Eduardo Baez
|
Pitching: LHP Eduardo Baez
|
|
Batting: RHB Joe Smack
|
0-0: Swinging Strike 0-1: Ball 1-1: Ball 2-1: Ball 3-1: Base on Balls
|
Batting: RHB Josh Martin
|
0-0: Ball 1-0: DOUBLE (Line Drive, 9LS, EV 96.9 MPH) Joe Smack to third Runner from 3rd tries for Home, SAFE, throw by RF to home
|
Batting: RHB Jeff Brower
|
0-0: Ground out 6-3 (Groundball, 6S, EV 68.1 MPH) Josh Martin to third
|
Now at SS: Mike Manchester
|
|
Batting: RHB Danny Gallo
|
0-0: Swinging Strike 0-1: Ball 1-1: SINGLE (Flyball, 9S, EV 99.4 MPH) Josh Martin scores
|
Batting: LHB Adam Eisen
|
0-0: 2-RUN HOME RUN (Flyball, 89XD, EV 103.8 MPH), Distance : 404 ft
|
Batting: RHB Dan Boykins
|
0-0: Called Strike 0-1: Ground out 4-3 (Groundball, 4, EV 106.2 MPH)
|
Batting: LHB Kyle Schaible
|
0-0: Called Strike 0-1: Ball 1-1: Called Strike 1-2: Ball 2-2: Foul Ball, location: 2F 2-2: Strikes out swinging
|
Top of the 1st over - 4 runs, 3 hits, 0 errors, 0 left on base; Memphis 4 - Gwinnett 0 |
BOTTOM OF THE 1ST |
Gwinnett Braves batting - Pitching for Memphis Redbirds : LHP Danny Rivera
|
Pitching: LHP Danny Rivera
|
|
Batting: RHB Edgar Castillo
|
0-0: Ground out 5-3 (Groundball, 5, EV 100.6 MPH)
|
Batting: LHB Chris Locklear
|
0-0: Called Strike 0-1: Ball 1-1: Ball 2-1: Called Strike 2-2: Foul Ball, location: 2F 2-2: Foul Ball, location: 2F 2-2: Ball 3-2: Base on Balls
|
Batting: RHB Dave Nickerson
|
0-0: Ball Chris Locklear steals 2nd base 1-0: Ball 2-0: Foul Ball, location: 2F 2-1: SINGLE (Groundball, 6D, EV 98.1 MPH) Chris Locklear to third Runner from 3rd tries for Home, SAFE, throw by CF to home
|
Batting: SHB Bob Morales
|
0-0: Grounds into double play, 5-4-3 (Groundball, 15, EV 80.6 MPH)
|
Bottom of the 1st over - 1 run, 1 hit, 0 errors, 0 left on base; Memphis 4 - Gwinnett 1 |
TOP OF THE 2ND |
Memphis Redbirds batting - Pitching for Gwinnett Braves : LHP Eduardo Baez
|
Batting: RHB Dave Cluster
|
0-0: Called Strike 0-1: Ball 1-1: Called Strike 1-2: Strikes out swinging
|
Batting: LHB Ronnie Ashley
|
0-0: Ground out U3 (Groundball, 3, EV 81.2 MPH)
|
Batting: RHB Joe Smack
|
0-0: Called Strike 0-1: SINGLE (Line Drive, 7S, EV 102.5 MPH)
|
Batting: RHB Josh Martin
|
0-0: Ball 1-0: Called Strike 1-1: Ball 2-1: Ball 3-1: Swinging Strike 3-2: Base on Balls Joe Smack to second
|
Batting: RHB Jeff Brower
|
0-0: Ball 1-0: Ball 2-0: Called Strike 2-1: Foul Ball, location: 2F 2-2: Fielders Choice at 2nd, U4 (Groundball, 4M, EV 91.2 MPH)
|
Top of the 2nd over - 0 runs, 1 hit, 0 errors, 2 left on base; Memphis 4 - Gwinnett 1 |
BOTTOM OF THE 2ND |
Gwinnett Braves batting - Pitching for Memphis Redbirds : LHP Danny Rivera
|
Batting: RHB Alex Munoz
|
0-0: Ball 1-0: Ball 2-0: Ball 3-0: Called Strike 3-1: Foul Ball, location: 2F 3-2: Fly out, F8 (Flyball, 8LD, EV 89.4 MPH)
|
Batting: RHB Mike Meeker
|
0-0: Ground out 6-3 (Groundball, 6S, EV 84.4 MPH)
|
Batting: RHB Jesse Lester
|
0-0: Ball 1-0: Ball 2-0: Foul Ball, location: 2F 2-1: Foul Ball, location: 2F 2-2: Ball 3-2: Foul Ball, location: 2F 3-2: Fly out, F8 (Line Drive, 8LM, EV 86.9 MPH)
|
Bottom of the 2nd over - 0 runs, 0 hits, 0 errors, 0 left on base; Memphis 4 - Gwinnett 1 |
TOP OF THE 3RD |
Memphis Redbirds batting - Pitching for Gwinnett Braves : LHP Eduardo Baez
|
Batting: RHB Danny Gallo
|
0-0: Called Strike 0-1: Foul Ball, location: 2F 0-2: Strikes out swinging
|
Batting: LHB Adam Eisen
|
0-0: Swinging Strike 0-1: Ball 1-1: Foul Ball, location: 2F 1-2: Ball 2-2: Ball 3-2: Base on Balls
|
Batting: RHB Dan Boykins
|
0-0: Ball 1-0: Foul Ball, location: 2F 1-1: Called Strike 1-2: Ball 2-2: Foul Ball, location: 2F 2-2: Ball 3-2: Base on Balls Adam Eisen to second
|
Batting: LHB Kyle Schaible
|
0-0: Called Strike 0-1: Foul Ball, location: 2F 0-2: Fly out, F7 (Flyball, 7, EV 93.1 MPH)
|
Batting: RHB Dave Cluster
|
0-0: Called Strike 0-1: Ball 1-1: Ball 2-1: DOUBLE (Groundball, 5L, EV 103.8 MPH) Adam Eisen scores Dan Boykins to third
|
Pitching: RHP David Krampe
|
|
Batting: LHB Ronnie Ashley
|
0-0: Foul Ball, location: 2F 0-1: Ball 1-1: Swinging Strike 1-2: Ball 2-2: Ball 3-2: Base on Balls
|
Batting: RHB Joe Smack
|
0-0: Ball 1-0: Foul Ball, location: 2F 1-1: Ball 2-1: DOUBLE (Groundball, 5L, EV 111.9 MPH) Dan Boykins scores Dave Cluster scores Ronnie Ashley to third Runner from 3rd tries for Home, SAFE, throw by LF to home
|
Batting: RHB Josh Martin
|
0-0: Ball 1-0: Ball 2-0: Ball 3-0: Called Strike 3-1: SINGLE (Groundball, 6M, EV 103.8 MPH) (infield hit) Joe Smack to third
|
Batting: RHB Jeff Brower
|
0-0: Ball 1-0: Called Strike 1-1: Ball 2-1: Ground out 3-1 (Groundball, 34S, EV 61.9 MPH)
|
Top of the 3rd over - 4 runs, 3 hits, 0 errors, 2 left on base; Memphis 8 - Gwinnett 1 |
BOTTOM OF THE 3RD |
Gwinnett Braves batting - Pitching for Memphis Redbirds : LHP Danny Rivera
|
Batting: RHB Ivan Ramirez
|
0-0: Called Strike 0-1: Foul Ball, location: 2F 0-2: Foul Ball, location: 2F 0-2: Ground out 6-3 (Groundball, 56D, EV 109.4 MPH)
|
Batting: RHB Mike Manchester
|
0-0: Ball 1-0: Called Strike 1-1: Fly out, F7 (Flyball, 7D, EV 96.2 MPH)
|
Batting: RHB Edgar Castillo
|
0-0: Swinging Strike 0-1: Ball 1-1: TRIPLE (Flyball, 89XD, EV 96.9 MPH)
|
Batting: LHB Chris Locklear
|
0-0: Foul Ball, location: 2F 0-1: Ball 1-1: Ball 2-1: Ball 3-1: Ground out 6-3 (Groundball, 6M, EV 105.0 MPH)
|
Bottom of the 3rd over - 0 runs, 1 hit, 0 errors, 1 left on base; Memphis 8 - Gwinnett 1 |
TOP OF THE 4TH |
Memphis Redbirds batting - Pitching for Gwinnett Braves : RHP David Krampe
|
Batting: RHB Danny Gallo
|
0-0: Ball 1-0: SINGLE (Line Drive, 78S, EV 95.0 MPH)
|
Batting: LHB Adam Eisen
|
0-0: Ball 1-0: SINGLE (Groundball, 4MD, EV 94.4 MPH) Danny Gallo to second
|
Batting: RHB Dan Boykins
|
0-0: Ball 1-0: Ball 2-0: Foul Ball, location: 2F 2-1: Fly out, F9 (Flyball, 9D, EV 96.9 MPH) Runner from 2nd tags up, SAFE at 3rd, no throw by RF
|
Batting: LHB Kyle Schaible
|
0-0: Ball Adam Eisen is caught stealing 2nd base 2-6 1-0: Ball 2-0: Ground out 6-3 (Groundball, 6, EV 102.5 MPH)
|
Top of the 4th over - 0 runs, 2 hits, 0 errors, 1 left on base; Memphis 8 - Gwinnett 1 |
BOTTOM OF THE 4TH |
Gwinnett Braves batting - Pitching for Memphis Redbirds : LHP Danny Rivera
|
Batting: RHB Dave Nickerson
|
0-0: Ball 1-0: Ground out 4-3 (Groundball, 4, EV 103.1 MPH)
|
Batting: SHB Bob Morales
|
0-0: Called Strike 0-1: Ball 1-1: Foul Ball, location: 2F 1-2: Ball 2-2: Strikes out swinging
|
Batting: RHB Alex Munoz
|
0-0: Called Strike 0-1: Ball 1-1: Ball 2-1: Ball 3-1: Swinging Strike 3-2: Strikes out swinging
|
Bottom of the 4th over - 0 runs, 0 hits, 0 errors, 0 left on base; Memphis 8 - Gwinnett 1 |
TOP OF THE 5TH |
Memphis Redbirds batting - Pitching for Gwinnett Braves : RHP David Krampe
|
Batting: RHB Dave Cluster
|
0-0: Fly out, F9 (Line Drive, 9S, EV 96.2 MPH)
|
Batting: LHB Ronnie Ashley
|
0-0: Called Strike 0-1: Foul Ball, location: 2F 0-2: Foul Ball, location: 2F 0-2: Ball 1-2: Reached on error, E3 (Groundball, 3, EV 107.5 MPH)
|
Batting: RHB Joe Smack
|
0-0: Ball 1-0: Foul Ball, location: 2F 1-1: Ball 2-1: Swinging Strike 2-2: SINGLE (Groundball, 56S, EV 68.8 MPH) (infield hit) Ronnie Ashley to second
|
Batting: RHB Josh Martin
|
0-0: Called Strike 0-1: Foul Ball, location: 2F 0-2: Ball 1-2: TRIPLE (Flyball, 78XD, EV 104.4 MPH) Ronnie Ashley scores Joe Smack scores
|
Batting: RHB Jeff Brower
|
0-0: Swinging Strike 0-1: Ground out 6-3 (Groundball, 6, EV 87.5 MPH) Josh Martin scores
|
Batting: RHB Danny Gallo
|
0-0: Ball 1-0: Called Strike 1-1: Ball 2-1: Swinging Strike 2-2: Foul Ball, location: 2F 2-2: Strikes out looking
|
Top of the 5th over - 3 runs, 2 hits, 1 error, 0 left on base; Memphis 11 - Gwinnett 1 |
BOTTOM OF THE 5TH |
Gwinnett Braves batting - Pitching for Memphis Redbirds : LHP Danny Rivera
|
Batting: RHB Mike Meeker
|
0-0: Ball 1-0: Ball 2-0: Foul Ball, location: 2F 2-1: Ball 3-1: Ground out 6-3 (Groundball, 6S, EV 86.2 MPH)
|
Batting: RHB Jesse Lester
|
0-0: Foul Ball, location: 2F 0-1: Ball 1-1: Foul Ball, location: 2F 1-2: Ball 2-2: Ground out 5-3 (Groundball, 5, EV 83.1 MPH)
|
Batting: RHB Ivan Ramirez
|
0-0: Foul Ball, location: 2F 0-1: Foul Ball, location: 2F 0-2: Ball 1-2: Foul Ball, location: 2F 1-2: Strikes out swinging
|
Bottom of the 5th over - 0 runs, 0 hits, 0 errors, 0 left on base; Memphis 11 - Gwinnett 1 |
TOP OF THE 6TH |
Memphis Redbirds batting - Pitching for Gwinnett Braves : RHP David Krampe
|
Batting: LHB Adam Eisen
|
0-0: Ball 1-0: Ball 2-0: SINGLE (Line Drive, 8RS, EV 94.4 MPH)
|
Pitching: RHP Ryan Casey
|
|
Batting: RHB Dan Boykins
|
0-0: Ball 1-0: Foul Ball, location: 2F 1-1: Foul Ball, location: 2F 1-2: Ball 2-2: Grounds into double play, 5-4-3 (Groundball, 56S, EV 85.0 MPH)
|
Batting: LHB Kyle Schaible
|
0-0: Ball 1-0: Ball 2-0: Swinging Strike 2-1: Ball 3-1: Fly out, F7 (Line Drive, 7, EV 85.0 MPH)
|
Top of the 6th over - 0 runs, 1 hit, 0 errors, 0 left on base; Memphis 11 - Gwinnett 1 |
BOTTOM OF THE 6TH |
Gwinnett Braves batting - Pitching for Memphis Redbirds : LHP Danny Rivera
|
Batting: RHB Mike Manchester
|
0-0: Foul Ball, location: 2F 0-1: Ground out 6-3 (Groundball, 6, EV 89.4 MPH)
|
Batting: RHB Edgar Castillo
|
0-0: Fly out, F8 (Flyball, 8RM, EV 85.6 MPH)
|
Batting: LHB Chris Locklear
|
0-0: Foul Ball, location: 2F 0-1: Ball 1-1: Ball 2-1: Ball 3-1: Base on Balls
|
Batting: RHB Dave Nickerson
|
0-0: Ball Chris Locklear steals 2nd base 1-0: Ball 2-0: Ball 3-0: Base on Balls
|
Batting: SHB Bob Morales
|
0-0: Called Strike 0-1: Ball 1-1: Called Strike 1-2: Reached on error, E6 (Groundball, P, EV 81.9 MPH) Chris Locklear scores Dave Nickerson to third
|
Batting: RHB Alex Munoz
|
0-0: Fly out, F6 (Popup, 6MD, EV 55.6 MPH)
|
Bottom of the 6th over - 1 run, 0 hits, 1 error, 2 left on base; Memphis 11 - Gwinnett 2 |
TOP OF THE 7TH |
Memphis Redbirds batting - Pitching for Gwinnett Braves : RHP Ryan Casey
|
Batting: RHB Dave Cluster
|
0-0: Called Strike 0-1: Ball 1-1: Ground out 6-3 (Groundball, P, EV 81.2 MPH)
|
Batting: LHB Ronnie Ashley
|
0-0: Foul Ball, location: 2F 0-1: Called Strike 0-2: Foul Ball, location: 2F 0-2: Ball 1-2: Ball 2-2: Strikes out looking
|
Pinch Hitting: RHB Fortunato Fteira
|
0-0: SINGLE (Groundball, 56D, EV 96.9 MPH)
|
Batting: RHB Josh Martin
|
0-0: Ball 1-0: Foul Ball, location: 2F 1-1: Ball 2-1: Called Strike 2-2: Ball 3-2: Base on Balls Fortunato Fteira to second
|
Batting: RHB Jeff Brower
|
0-0: Ball 1-0: Ball 2-0: Foul Ball, location: 2F 2-1: Fly out, F8 (Line Drive, 8RD, EV 103.1 MPH)
|
Top of the 7th over - 0 runs, 1 hit, 0 errors, 2 left on base; Memphis 11 - Gwinnett 2 |
BOTTOM OF THE 7TH |
Gwinnett Braves batting - Pitching for Memphis Redbirds : LHP Danny Rivera
|
Now in LF: Fortunato Fteira
|
|
Pinch Hitting: RHB Jordan Martin
|
0-0: Foul Ball, location: 2F 0-1: Swinging Strike 0-2: Strikes out swinging
|
Batting: RHB Jesse Lester
|
0-0: Foul Ball, location: 2F 0-1: Swinging Strike 0-2: Ball 1-2: Strikes out swinging
|
Pinch Hitting: RHB Roberto Gonzalez
|
0-0: Swinging Strike 0-1: Ball 1-1: Ball 2-1: Ball 3-1: Base on Balls
|
Pitching: RHP Jim Bruley
|
|
Batting: RHB Mike Manchester
|
0-0: Called Strike 0-1: 2-RUN HOME RUN (Flyball, 9D, EV 94.4 MPH), Distance : 370 ft
|
Pinch Hitting: SHB Eric Reeser
|
0-0: Called Strike 0-1: Foul Ball, location: 2F 0-2: SINGLE (Groundball, 34D, EV 100.6 MPH)
|
Batting: LHB Chris Locklear
|
0-0: Ball 1-0: Ball 2-0: Ground out 1-3 (Groundball, 13, EV 66.9 MPH)
|
Bottom of the 7th over - 2 runs, 2 hits, 0 errors, 1 left on base; Memphis 11 - Gwinnett 4 |
TOP OF THE 8TH |
Memphis Redbirds batting - Pitching for Gwinnett Braves : RHP Ryan Casey
|
Now at 1B: Roberto Gonzalez
|
|
Now at 3B: Mark Buchholz
|
|
Now in LF: Eric Reeser
|
|
Batting: RHB Danny Gallo
|
0-0: Ball 1-0: Ball 2-0: Foul Ball, location: 2F 2-1: Foul Ball, location: 2F 2-2: Foul Ball, location: 2F 2-2: Strikes out swinging
|
Batting: LHB Adam Eisen
|
0-0: Foul Ball, location: 2F 0-1: Ball 1-1: Foul Ball, location: 2F 1-2: Foul Ball, location: 2F 1-2: Ball 2-2: Ball 3-2: Foul Ball, location: 2F 3-2: Foul Ball, location: 2F 3-2: Foul Ball, location: 2F 3-2: Ground out 6-3 (Groundball, 6, EV 85.6 MPH)
|
Batting: RHB Dan Boykins
|
0-0: Called Strike 0-1: Foul Ball, location: 2F 0-2: Ball 1-2: Strikes out swinging
|
Top of the 8th over - 0 runs, 0 hits, 0 errors, 0 left on base; Memphis 11 - Gwinnett 4 |
BOTTOM OF THE 8TH |
Gwinnett Braves batting - Pitching for Memphis Redbirds : RHP Jim Bruley
|
Batting: RHB Dave Nickerson
|
0-0: Ball 1-0: Ball 2-0: Ground out 6-3 (Groundball, 56D, EV 100.0 MPH)
|
Batting: SHB Bob Morales
|
0-0: Fly out, F8 (Flyball, 78M, EV 90.6 MPH)
|
Batting: RHB Alex Munoz
|
0-0: Foul Ball, location: 2F 0-1: Called Strike 0-2: Ball 1-2: Ball 2-2: Foul Ball, location: 2F 2-2: Foul Ball, location: 2F 2-2: Ball 3-2: Ground out 4-3 (Groundball, 4, EV 86.9 MPH)
|
Bottom of the 8th over - 0 runs, 0 hits, 0 errors, 0 left on base; Memphis 11 - Gwinnett 4 |
TOP OF THE 9TH |
Memphis Redbirds batting - Pitching for Gwinnett Braves : RHP Ryan Casey
|
Pitching: RHP Steve Dripps
|
|
Batting: LHB Kyle Schaible
|
0-0: Swinging Strike 0-1: Ball 1-1: Ball 2-1: Ball 3-1: Foul Ball, location: 2F 3-2: Fly out, F6 (Popup, 6, EV 50.6 MPH)
|
Batting: RHB Dave Cluster
|
0-0: Ball 1-0: Swinging Strike 1-1: Ball 2-1: Ground out 6-3 (Groundball, 6, EV 82.5 MPH)
|
Batting: LHB Ronnie Ashley
|
0-0: Ball 1-0: Foul Ball, location: 2F 1-1: Foul Ball, location: 2F 1-2: Strikes out swinging
|
Top of the 9th over - 0 runs, 0 hits, 0 errors, 0 left on base; Memphis 11 - Gwinnett 4 |
BOTTOM OF THE 9TH |
Gwinnett Braves batting - Pitching for Memphis Redbirds : RHP Jim Bruley
|
Batting: LHB Mark Buchholz
|
0-0: Called Strike 0-1: Ball 1-1: Ground out 6-3 (Groundball, 6MD, EV 82.5 MPH)
|
Batting: RHB Jesse Lester
|
0-0: Foul Ball, location: 2F 0-1: Ball 1-1: Ball 2-1: Fly out, F9 (Line Drive, 89M, EV 84.4 MPH)
|
Batting: RHB Roberto Gonzalez
|
0-0: Ball 1-0: Swinging Strike 1-1: Ball 2-1: Ball 3-1: DOUBLE (Line Drive, 89XD, EV 101.2 MPH)
|
Batting: RHB Mike Manchester
|
0-0: Ground out 4-3 (Groundball, 4, EV 85.6 MPH)
|
Bottom of the 9th over - 0 runs, 1 hit, 0 errors, 1 left on base; Memphis 11 - Gwinnett 4 |
|